AoeStats
← l3141516

Lombardia

509271912Analyzed
4v4 RM · 5d ago on Sep 26, 2026· 51m 16s· 8 players
Game mode
Random Map
Map size
Large (8 player)
Population
200
Speed
Normal
Resources
Standard
Victory
Conquest
Starting age
Dark Age
Ending age
Imperial Age
RankedLock teamsTeams togetherTeam positionsShared explorationLock speedFull tech treeHidden civsTurbo modeCheats
Victory
Defeat
🇫🇷 Saracens · France
791
+12
🇵🇪 Khmer · Peru
787
+12
🇨🇱 Khmer · Chile
777
+12
🇧🇷 Celts · Brazil
771
+13
🇺🇸 Varangians · United States
925
-27
🇺🇸 Aztecs · United States
747
-14
🇳🇿 Burgundians · New Zealand
616
-9
🇺🇸 Hindustanis · United States
514
-6
NomadRider5217
0:47 Loom
13:45 Feudal Age
14:44 Double-Bit Axe
16:05 Horse Collar
21:52 Castle Age
23:45 Heavy Plow
23:59 Bow Saw
27:19 Scale Barding Armor
27:24 Forging
30:50 Bloodlines
30:40 Husbandry
31:12 Chain Barding Armor
31:27 Iron Casting
36:14 Gold Mining
42:28 Light Cavalry
l3141516
0:41 Loom
10:52 Feudal Age
11:23 Double-Bit Axe
12:42 Town Watch
18:32 Castle Age
18:31 Horse Collar
18:46 Stone Mining
18:46 Gold Mining
23:14 Heavy Plow
26:18 Town Patrol
26:53 Wheelbarrow
28:09 Husbandry
29:33 Stone Shaft Mining
29:33 Gold Shaft Mining
29:28 Light Cavalry
30:18 Bloodlines
30:32 Tusk Swords
32:48 Wheelbarrow
34:15 Hand Cart
34:33 Bloodlines
35:52 Pikeman
36:17 Arson
41:09 Imperial Age
40:01 Gold Shaft Mining
39:36 Scale Barding Armor
39:31 Scale Mail Armor
39:42 Forging
39:44 Fortified Wall
41:54 Chain Barding Armor
41:49 Chain Mail Armor
43:12 Chemistry
42:17 Double Crossbow
43:32 Conscription
44:14 Elite Ballista Elephant
44:29 Capped Ram
45:09 Heavy Scorpion
46:32 Siege Ram
47:52 Caravan
48:52 Halberdier
49:00 Hussar
50:19 Plate Barding Armor
50:20 Iron Casting
Guará
11:03 Feudal Age
14:17 Wheelbarrow
13:32 Double-Bit Axe
13:31 Horse Collar
14:07 Man-at-Arms
22:59 Castle Age
21:34 Forging
21:25 Scale Mail Armor
23:15 Long Swordsman
23:40 Gambesons
23:41 Arson
24:13 Scale Barding Armor
26:09 Heavy Plow
26:30 Hand Cart
27:00 Chain Mail Armor
27:21 Iron Casting
36:35 Town Watch
36:35 Loom
38:25 Stronghold
39:30 Bow Saw
41:57 Imperial Age
39:36 Town Patrol
42:33 Heavy Scorpion
43:40 Conscription
44:00 Hoardings
44:36 Chemistry
43:57 Ballistics
43:49 Masonry
44:06 Gold Mining
44:06 Stone Mining
45:02 Padded Archer Armor
44:53 Fletching
51:42 Leather Archer Armor
51:23 Bodkin Arrow
52:03 Iron Casting
51:59 Plate Mail Armor
Jx
0:37 Loom
14:53 Feudal Age
17:21 Wheelbarrow
16:32 Town Watch
16:28 Horse Collar
16:37 Double-Bit Axe
21:05 Castle Age
25:15 Hand Cart
30:29 Bow Saw
31:36 Heavy Plow
37:04 Imperial Age
34:20 Light Cavalry
35:11 Bloodlines
35:01 Husbandry
35:55 Town Patrol
36:19 Scale Barding Armor
36:18 Caravan
38:13 Chain Barding Armor
38:04 Forging
37:43 Hussar
39:41 Plate Barding Armor
39:42 Iron Casting
39:22 Fortified Wall
40:13 Chemistry
39:23 Masonry
39:09 Murder Holes
40:47 Conscription
40:29 Tusk Swords
42:13 Blast Furnace
41:05 Fletching
41:15 Padded Archer Armor
41:15 Scale Mail Armor
42:22 Ballistics
42:07 Siege Engineers
44:15 Architecture
43:50 Siege Engineers
47:41 Elite Battle Elephant
51:19 Hoardings
51:35 Bodkin Arrow
51:56 Chain Mail Armor
51:56 Leather Archer Armor
51:33 Guard Tower
NATIVE RADIX
1:26 Loom
13:46 Feudal Age
15:47 Horse Collar
16:08 Double-Bit Axe
18:43 Gold Mining
19:56 Arson
22:24 Castle Age
21:45 Wheelbarrow
21:26 Arson
21:48 Scale Mail Armor
23:14 Squires
23:00 Gambesons
23:02 Eagle Warrior
25:52 Forging
26:28 Bow Saw
26:54 Heavy Plow
32:44 Chain Mail Armor
33:05 Iron Casting
33:33 Gold Shaft Mining
32:49 Stone Mining
34:05 Hand Cart
37:52 Pikeman
43:08 Imperial Age
41:40 Caravan
NWI Nutball
13:41 Feudal Age
16:37 Wheelbarrow
16:34 Horse Collar
23:26 Forging
23:19 Fletching
23:30 Scale Mail Armor
23:32 Padded Archer Armor
27:00 Castle Age
25:53 Gold Mining
25:56 Stone Mining
26:24 Scale Barding Armor
28:24 Hand Cart
31:03 Caravan
31:52 Heavy Plow
31:51 Double-Bit Axe
34:18 Gold Shaft Mining
34:27 Stone Shaft Mining
34:29 Bow Saw
35:01 Iron Casting
42:00 Grand Trunk Road
JESUSezLORD92
3:22 Loom
15:14 Feudal Age
22:03 Castle Age
21:43 Fletching
24:21 Crossbowman
25:36 Double-Bit Axe
27:54 Horse Collar
29:25 Wheelbarrow
30:19 Gold Mining
38:58 Imperial Age
37:30 Ballistics
42:06 Chemistry
41:38 Bodkin Arrow
41:44 Padded Archer Armor
45:16 Squires
44:38 Elite Varangian Guard
47:44 Scale Mail Armor
47:55 Forging
DK3175
0:32 Loom
13:21 Feudal Age
20:14 Castle Age
34:40 Horse Collar
36:15 Heavy Plow
37:35 Wheelbarrow
38:28 Double-Bit Axe
39:43 Forging
42:02 Hand Cart
42:26 Iron Casting
41:58 Scale Barding Armor
45:49 Imperial Age
45:49 Chain Barding Armor
Connection lost

Rejoining the realm…

Still unreachable

The connection could not be restored.

Session expired

The server has moved on; the page needs a fresh start.